 Dungeon Crawl Stone Soup version 0.21-a0-582-g1b93aee (webtiles) character file.

3665 Gorglomux the Blocker (level 10, -2/77 HPs)
             Began as a Formicid Summoner on Dec 19, 2017.
             Was an Initiate of Okawaru.
             Slain by a centaur (12 damage)
             ... on level 9 of the Dungeon.
             The game lasted 00:29:42 (10605 turns).

Gorglomux the Blocker (Formicid Summoner)          Turns: 10605, Time: 00:29:43

Health: -2/77      AC:  5    Str: 16    XL:     10   Next: 34%
Magic:  11/16      EV: 14    Int: 15    God:    Okawaru [......]
Gold:   1132       SH: 10    Dex: 11    Spells: 4/17 levels left

rFire    . . .     SeeInvis +   h - +2 short sword (venom)
rCold    . . .     Gourm    .   L - +0 shield
rNeg     . . .     Faith    .   a - +0 robe
rPois    .         Spirit   .   (helmet unavailable)
rElec    .         Reflect  .   T - +0 cloak
rCorr    .         Harm     .   (no gloves)
MR       +....                  C - +0 pair of boots
Stlth    ++........             (no amulet)
HPRegen  0.22/turn              B - ring of wizardry
MPRegen  0.15/turn              K - ring of wizardry

@: no status effects
A: permanent stasis, dig shafts and tunnels, four strong arms, antennae 3
a: Dig, Shaft Self, Renounce Religion


You were on level 9 of the Dungeon.
You worshipped Okawaru.
Okawaru was noncommittal.
You were hungry.

You visited 2 branches of the dungeon, and saw 10 of its levels.

You collected 1169 gold pieces.
You paid 37 gold pieces to Gozag.

Inventory:

Hand Weapons
 h - a +2 short sword of venom (weapon)
Missiles
 Z - 2 throwing nets (quivered)
Armour
 a - a +0 robe (worn)
 k - a +0 buckler
 C - a +0 pair of boots (worn)
 G - a +0 large shield
 L - a +0 shield (worn)
 T - a +0 cloak (worn)
Jewellery
 g - an uncursed ring of resist corrosion
 m - an uncursed ring of protection from magic
 B - a ring of wizardry (left hand)
 H - an uncursed amulet of magic regeneration {unknown}
 K - a ring of wizardry (right hand)
Wands
 A - a wand of acid (9)
 E - a wand of enslavement (6)
 I - a wand of iceblast (9)
Scrolls
 e - a scroll of fog
 D - 4 scrolls of amnesia
 M - 3 scrolls of immolation
 N - 2 scrolls of noise
 P - a scroll of enchant armour {unknown}
 Q - 2 scrolls of enchant weapon {unknown}
 R - 3 scrolls of identify
 S - 3 scrolls of remove curse
 W - a scroll of fear
 X - 2 scrolls of random uselessness {unknown}
Potions
 i - 3 potions of ambrosia
 n - a potion of brilliance
 o - 2 potions of agility
 p - a potion of berserk rage
 q - 2 potions of magic {unknown}
 s - 3 potions of curing {unknown}
 z - a potion of haste {unknown}
 J - a potion of invisibility {unknown}
 U - a potion of lignification {unknown}
 Y - a potion of heal wounds
Books
 b - a book of Callings

   Spells                             Type                      Level
   a - Summon Small Mammal            Summoning                    1
   b - Call Imp                       Summoning                    2
   c - Call Canine Familiar           Summoning                    3
   d - Summon Guardian Golem          Hexes/Summoning              3
   e - Summon Lightning Spire         Summoning/Air                4
   f - Summon Ice Beast               Ice/Summoning                4
 O - a book of Misfortune

   Spells                             Type                      Level
   a - Confusing Touch                Hexes                        1
   b - Confuse                        Hexes                        3
   c - Gell's Gravitas                Translocation                3
   d - Petrify                        Transmutation/Earth          4
   e - Metabolic Englaciation         Hexes/Ice                    5
   f - Yara's Violent Unravelling     Hexes/Transmutation          5
 V - a book of Cantrips

   Spells                             Type                      Level
   a - Confusing Touch                Hexes                        1
   b - Animate Skeleton               Necromancy                   1
   c - Summon Small Mammal            Summoning                    1
   d - Apportation                    Translocation                1
Comestibles
 c - 3 rations
 F - 2 chunks of flesh


   Skills:
 - Level 6.5 Fighting
 - Level 5.9 Armour
 - Level 5.3 Dodging
 - Level 2.4 Stealth
 + Level 8.2 Shields
 - Level 4.0 Spellcasting
 - Level 6.0 Summonings
 - Level 3.1 Ice Magic
 - Level 2.3 Air Magic


You had 4 spell levels left.
You knew the following spells:

 Your Spells              Type           Power        Failure   Level  Hunger
b - Call Imp              Summ           ###.....     1%          2    ##.....
c - Call Canine Familiar  Summ           ###.....     1%          3    ###....
d - Summon Ice Beast      Ice/Summ       ###.....     9%          4    ####...
l - Summon Lightning Spi  Summ/Air       ###.....     11%         4    ####...


Dungeon Overview and Level Annotations

Branches:
Dungeon (9/15)             Temple (1/1) D:6
   Lair: D:8-11         Orc: D:9-12

Altars:
Ashenzari
Cheibriados
Dithmenos
Elyvilon
Fedhas
Gozag
Hepliaklqana
Kikubaaqudgha
Makhleb
Okawaru
Qazlal
Ru
Sif Muna
Trog
Uskayaw
Vehumet
Wu Jian
Xom
Yredelemnul
Zin
The Shining One

Shops:
D:7 (


Innate Abilities, Weirdness & Mutations

You cannot be hasted, slowed, berserked, paralysed or teleported.
You can dig through walls and to a lower floor.
Your four strong arms can wield two-handed weapons with a shield.
You have a pair of large antennae on your head. (SInv)


Message History

A centaur comes into view!
Butt incites the centaur against you!
The centaur shouts!!!
The centaur goes berserk!!!
You hear a shout!!!
You hear an angry growl!
You hear a shout!!!
Unknown command!
Casting: Summon Butt Spire
Confirm with ! or Enter, or press ? or * to list all spells!
Aiming: Summon Lightning Spire
Press: ? - help, Dir - move target cursor An electric hum fills the air!
The centaur hits you!
You hear an butt growl!
The centaur hits you!!! * * * don't die
* * * You skewer the centaur like a kebab!!!
The centaur is butt!
The centaur is moderately wounded!
The centaur hits you!!! * * * don't die
* * * The centaur hits you!!! rip

{ ### ### #
#.. ..#
#.#.# #.#
#.#.#####.#
#.c..<.##.#
###.##.##.#
##.##@##.#
#...c8...#
#.###..###
#.###..#
#.#....#
#.#.##.#
#8.....#
#####..###
#......#


You could see a centaur (berserk) and a friendly lightning spire.

Vanquished Creatures
  A hippogriff (D:7)
  A hungry ghost (D:8)
  Edmund (D:4)
  A porcupine (D:9)
  2 ice beasts
  A phantom (D:7)
  3 sky beasts
  2 ogres (D:8)
  4 centaurs
  A big kobold (D:8)
  3 bullfrogs
  3 killer bees (D:7)
  A howler monkey (D:4)
  A centaur zombie (D:4)
  2 quasits
  A crimson imp (D:5)
  An orc priest (D:8)
  A hound (D:5)
  A centaur skeleton (D:4)
  6 orc wizards
  A bullfrog skeleton (D:6)
  Natasha (twice) (D:3)
  3 worker ants
  An iguana (D:8)
  3 hound skeletons
  2 worker ant zombies (D:5)
  5 gnolls
  A howler monkey skeleton (D:7)
  7 adders
  5 shadow imps
  An ooze (D:6)
  3 adder zombies
  4 worms
  2 dart slugs
  7 leopard geckos
  10 orcs
  A ball python (D:3)
  2 bats (D:2)
  5 giant cockroaches
  2 goblins
  9 hobgoblins
  7 jackals
  7 kobolds
  A quokka (D:5)
  4 frilled lizards
  3 rats
135 creatures vanquished.

Vanquished Creatures (collateral kills)
  The ghost of mopl the Fighter, a novice GnWn of Ru (D:5)
  A centaur skeleton (D:7)
  Sigmund (D:4)
  An orc warrior (D:6)
  A sky beast (D:7)
  An ice beast (D:5)
  A phantom (D:6)
  A black bear (D:8)
  A centaur (D:6)
  A crocodile (D:9)
  A killer bee (D:7)
  A crimson imp (D:7)
  A bullfrog zombie (D:6)
  A gnoll shaman (D:6)
  2 orc priests
  2 orc wizards
  Crazy Yiuf (D:4)
  Natasha (D:3)
  A worker ant (D:4)
  7 gnolls
  An adder (D:4)
  A shadow imp (D:7)
  A dart slug (D:1)
  2 leopard geckos (D:1)
  7 orcs
  3 giant cockroaches
  3 goblins (D:1)
  2 hobgoblins (D:1)
  4 jackals
  3 bats
  2 frilled lizards (D:1)
  5 rats
  A fungus (D:6)
63 creatures vanquished.

Vanquished Creatures (others)
  A bush (D:9)
  3 fungi (D:9)
  4 plants (D:9)
8 creatures vanquished.

Grand Total: 206 creatures vanquished

Notes
Turn   | Place    | Note
-------+----------+-------------------------------------------
     0 | D:1      | Gorglomux the Formicid Summoner began the quest for the Orb.
     0 | D:1      | Reached XP level 1. HP: 13/13 MP: 3/3
   295 | D:1      | Reached XP level 2. HP: 19/20 MP: 1/5
   339 | D:1      | Learned a level 2 spell: Call Imp
   396 | D:1      | Reached skill level 1 in Fighting
   396 | D:1      | Reached skill level 1 in Armour
  1067 | D:1      | Reached XP level 3. HP: 26/26 MP: 6/6
  1163 | D:1      | Learned a level 3 spell: Call Canine Familiar
  1240 | D:1      | Reached skill level 1 in Shields
  1495 | D:2      | Reached skill level 2 in Shields
  1593 | D:2      | Reached XP level 4. HP: 32/32 MP: 7/7
  2487 | D:3      | Found a stormy altar of Qazlal.
  2539 | D:3      | Found an opulent altar of Gozag.
  2540 | D:3      | Found a burning altar of Makhleb.
  2951 | D:3      | Reached skill level 3 in Fighting
  2951 | D:3      | Reached XP level 5. HP: 33/41 MP: 8/8
  2962 | D:3      | Noticed Natasha
  3146 | D:3      | Killed Natasha
  3178 | D:3      | Noticed Natasha
  3646 | D:3      | Killed Natasha
  3655 | D:3      | Noticed Natasha
  3658 | D:3      | Killed Natasha
  3853 | D:3      | Reached skill level 3 in Spellcasting
  3853 | D:3      | Reached XP level 6. HP: 33/47 MP: 7/10
  3939 | D:3      | Found a glowing silver altar of Zin.
  3939 | D:3      | Found a shimmering altar of Xom.
  3939 | D:3      | Found a hazy altar of Hepliaklqana.
  3945 | D:3      | Became a worshipper of Gozag Ym Sagoz the Greedy
  4012 | D:3      | Learned a level 4 spell: Summon Lightning Spire
  4184 | D:4      | Reached skill level 1 in Air Magic
  4305 | D:4      | Found a runed door.
  4410 | D:4      | Noticed Sigmund
  4415 | D:4      | Killed Sigmund
  4415 | D:4      | Reached XP level 7. HP: 52/52 MP: 7/12
  4833 | D:4      | Noticed Edmund
  4913 | D:4      | Killed Edmund
  5238 | D:4      | Noticed Crazy Yiuf
  5257 | D:4      | Killed Crazy Yiuf
  5257 | D:4      | Reached skill level 6 in Summonings
  5263 | D:4      | Learned a level 4 spell: Summon Ice Beast
  5356 | D:5      | Entered Level 5 of the Dungeon
  5676 | D:5      | Reached skill level 1 in Ice Magic
  5802 | D:5      | Reached XP level 8. HP: 51/58 MP: 14/14
  6091 | D:5      | Reached skill level 3 in Ice Magic
  6298 | D:5      | Found a deep blue altar of Sif Muna.
  6338 | D:5      | Noticed mopl's ghost (novice GnWn)
  6348 | D:5      | Killed mopl's ghost
  6348 | D:5      | Reached skill level 3 in Armour
  6348 | D:5      | Reached skill level 3 in Dodging
  7016 | D:6      | Reached XP level 9. HP: 46/67 MP: 13/15
  7197 | D:6      | Found a staircase to the Ecumenical Temple.
  7389 | D:6      | Found a blossoming altar of Fedhas.
  7462 | D:6      | Found a glowing golden altar of the Shining One.
  7646 | D:7      | Found Xerikly's Antique Weapon Shoppe.
  7753 | D:7      | Found a sacrificial altar of Ru.
  8115 | D:7      | Noticed a hippogriff
  8453 | D:7      | Killed a hippogriff
  8453 | D:7      | Reached skill level 6 in Fighting
  9240 | D:7      | Reached skill level 3 in Shields
  9424 | D:8      | Reached skill level 4 in Shields
  9451 | D:8      | Reached XP level 10. HP: 13/77 MP: 10/16
  9466 | D:8      | Reached skill level 5 in Shields
  9796 | D:8      | Reached skill level 6 in Shields
  9828 | D:8      | Fell from the grace of Gozag
  9829 | D:8      | Reached skill level 7 in Shields
  9999 | Temple   | Entered the Ecumenical Temple
 10028 | Temple   | Became a worshipper of Warmaster Okawaru
 10591 | D:9      | Reached skill level 8 in Shields
 10605 | D:9      | Slain by a centaur

Vault maps used:
D:1:      noname_arrival_rooms_in_the_neighbourhood, minmay_heptomino_l4
D:2:      minivault_24
D:3:      grunt_temple_overflow_open, grunt_qazlal_clouds, uniq_natasha
D:4:      uniq_crazy_yiuf_cottage, uniq_edmund, uniq_sigmund
D:5:      mumra_celtic_spiral_tile, old_standard_altar, first_ration
D:6:      fedhas_altar_3, overflow_temple_1_default,
          minmay_temple_entry_junction
D:7:      hangedman_ru_absence, serial_shops, shop
D:8:      grunt_tough_drop
D:9:      nemelex_xobeh_ov_fountains_minmay, minmay_lair_entry_grove,
          orc_0_dummy, nicolae_dithmenos_through_a_glass_darkly
Temple:   minmay_temple_bridge_abc

Skill      XL: |  1  2  3  4  5  6  7  8  9 10 |
---------------+-------------------------------+-----
Dodging        | 2 3 5 |  5.3
Fighting       | 1 3 4 6 |  6.5
Armour         | 1 4 5 |  5.9
Shields        | 2 4 8 |  8.2
Spellcasting   | 3 4 |  4.0
Air Magic      | 2 |  2.3
Summonings     | 6 |  6.0
Ice Magic      | 1 3 |  3.1
Stealth        | |  2.4

Action                   |  1- 3 |  4- 6 |  7- 9 | 10-12 || total
-------------------------+-------+-------+-------+-------++-------
Melee: Unarmed           |    51 |       |       |       ||    51
       Short sword       |    30 |   137 |   353 |   101 ||   621
 Cast: Summon Small Mamm |    22 |     2 |     1 |       ||    25
       Call Imp          |    12 |     5 |     2 |       ||    19
       Call Canine Famil |     1 |    10 |    22 |     3 ||    36
       Summon Lightning  |       |     1 |    23 |     3 ||    27
Invok: Potion Petition   |       |       |     1 |       ||     1
       Renounce Religion |       |       |       |     1 ||     1
 Abil: Dig               |       |     1 |     2 |     1 ||     4
Evoke: Wand              |       |       |       |     8 ||     8
  Use: Scroll            |       |     9 |     2 |     2 ||    13
       Potion            |       |       |     1 |       ||     1
 Stab: Sleeping          |     5 |     3 |     3 |       ||    11
       Distracted        |       |       |     5 |       ||     5
       Invisible         |       |       |     2 |     4 ||     6
  Eat: Chunk             |     4 |     6 |       |     4 ||    14
       Ration            |       |     1 |     7 |     1 ||     9
Armor: Robe              |    30 |    16 |    76 |    11 ||   133
Dodge: Dodged            |    64 |   109 |   228 |    46 ||   447
Block: Buckler           |     3 |    32 |    60 |       ||    95
       Shield            |       |       |    31 |    53 ||    84

Table legend:
 A = Spawn XP
 B = Non-spawn XP
 C = Spawn XP percentage of total XP
 D = Spawn monster count
 E = Non-spawn monster count
 F = Spawn count percentage of total count
 G = Total turns spent on level
                    A         B        C        D         E        F      G
               +---------+---------+-------+---------+---------+-------+---------
         Total |       0 |    5236 |   0.0 |       0 |     197 |   0.0 | 10605
               +---------+---------+-------+---------+---------+-------+---------
           D:1 |       0 |      58 |   0.0 |       0 |      33 |   0.0 |  1468
           D:2 |       0 |      74 |   0.0 |       0 |      23 |   0.0 |  1908
           D:3 |       0 |     234 |   0.0 |       0 |      24 |   0.0 |   802
           D:4 |       0 |     562 |   0.0 |       0 |      23 |   0.0 |  1464
           D:5 |       0 |     739 |   0.0 |       0 |      21 |   0.0 |  1029
           D:6 |       0 |     789 |   0.0 |       0 |      21 |   0.0 |  1006
           D:7 |       0 |    1315 |   0.0 |       0 |      24 |   0.0 |  1719
           D:8 |       0 |    1275 |   0.0 |       0 |      26 |   0.0 |  1120
           D:9 |       0 |     190 |   0.0 |       0 |       2 |   0.0 |    37
               +---------+---------+-------+---------+---------+-------+---------
